 Dungeon Crawl Stone Soup version 0.29-a0-322-g68df515428 (webtiles) character file.

Game seed: 5419520770835172760

50 kae the Firebug (level 3, -2/20 HPs)
             Began as a Tengu Fire Elementalist on Apr 7, 2022.
             Slain by an adder (3 damage)
             ... on level 2 of the Dungeon.
             The game lasted 00:01:10 (2105 turns).

kae the Firebug (Tengu Fire Elementalist)           Turns: 2105, Time: 00:01:11

Health: -2/20      AC:  3    Str:  8    XL:     3   Next: 79%
Magic:  2/7        EV: 12    Int: 17    God:
Gold:   89         SH:  0    Dex: 14    Spells: 0/6 levels left

rFire   . . .      SeeInvis .   i - +0 spear
rCold   . . .      Faith    .   (no shield)
rNeg    . . .      Spirit   .   a - +0 robe
rPois   .          Reflect  .   (helmet restricted)
rElec   .          Harm     .   (no cloak)
rCorr   .          Rampage  .   h - +0 pair of gloves
Will    .....                   (boots unavailable)
Stlth   ++........              (no amulet)
HPRegen 0.06/turn               d - ring of wizardry
MPRegen 0.10/turn               (no ring)

@: lethally poisoned (-2 -> -15)
A: beak, talons 3
a: no special abilities


You were on level 2 of the Dungeon.
You visited 1 branch of the dungeon, and saw 2 of its levels.

You collected 89 gold pieces.

Inventory:

Hand Weapons
 i - a +0 spear (weapon)
Armour
 a - a +0 robe (worn)
 h - a +0 pair of gloves (worn)
Jewellery
 d - a ring of wizardry (left hand)
Scrolls
 f - 2 scrolls of identify {unknown}
 g - a scroll of summoning {unknown}
Potions
 b - a potion of magic
 c - a potion of ambrosia {unknown}
 e - a potion of curing {unknown}


   Skills:
 + Level 1.1 Fighting
 + Level 1.0 Armour
 + Level 2.6 Dodging
 - Level 2.0 Stealth
 + Level 2.4 Spellcasting
 + Level 2.2 Conjurations
 + Level 3.6 Fire Magic


You couldn't memorise any spells.
You knew the following spells:

 Your Spells              Type           Power      Damage    Failure   Level
a - Foxfire               Conj/Fire      48%        2x1d6     2%          1
b - Scorch                Fire           28%        2d6       2%          2
c - Conjure Flame         Conj/Fire      12%        6-21      7%          3

Your spell library contained the following spells:

 Spells                   Type           Power      Damage    Failure   Level
 Inner Flame              Hex/Fire       8%         N/A       11%         3
 Flame Wave               Conj/Fire      12%        2d6       22%         4


Dungeon Overview and Level Annotations

Branches:
Dungeon (2/15)

Altars:

Annotations:
D:2 Terence


Innate Abilities, Weirdness & Mutations

You have a beak for a mouth.
You have claws for feet.


Message History

Casting: Scorch (safe; 2% risk of failure)
Confirm with . or Enter, or press ? or * to list all spells.
Flames lash the bat.
You kill the bat!
The kobold hits you with a +0 short sword.
The kobold is no longer more vulnerable to fire.
A kobold comes into view. It is wielding a +0 whip.
The kobold hits you but does no damage.
You closely miss the kobold. Your kick misses the kobold.
The kobold is severely wounded.
The kobold hits you but does no damage.
You hit the kobold.
You kill the kobold!
The adder barely misses you.
You miss the adder. Your peck misses the adder. The adder misses you.
You closely miss the adder. You claw the adder.
The adder is moderately wounded.
The adder bites you.
You are poisoned.
The adder poisons you! The adder bites you.
You are lethally poisoned!
The adder poisons you!
You are too injured to fight recklessly!
You are too injured to fight recklessly!
You are too injured to fight recklessly!
You are too injured to fight recklessly!
Casting: Scorch (safe; 2% risk of failure)
Confirm with . or Enter, or press ? or * to list all spells.
Flames lash the adder.
The adder is almost dead.
The adder's fire resistance burns away.
You feel very sick. The adder bites you.
* * * LOW HITPOINT WARNING * * *
You are more poisoned.
The adder poisons you!
* * * LOW HITPOINT WARNING * * *
You feel very sick. The adder bites you.
You die...

#....... #....<.
#..... #.... #.
#... .. #. #K. ..
#. #S# #. #. #@#
#. #. #.# #. #.
#.# #.#######. #.#
#......... #.#
#.........
#.##.####..#######
#.##.......#
#.#######..# #.#
#..#


You could see an adder (combustible) and a kobold.

Vanquished Creatures
  A worm (D:2)
  3 dart slugs (D:1)
  3 orcs (D:2)
  6 bats
  4 endoplasms
  3 goblins (D:1)
  3 hobgoblins
  3 kobolds
  3 ball pythons (D:1)
  A frilled lizard (D:1)
  5 rats
  A spectral hobgoblin (D:1)
36 creatures vanquished.

Vanquished Creatures (others)
  73 foxfires
73 creatures vanquished.

Grand Total: 109 creatures vanquished

Notes
Turn   | Place    | Note
-------+----------+-------------------------------------------
     0 | D:1      | kae the Tengu Fire Elementalist began the quest for the
                  | Orb.
     0 | D:1      | Reached XP level 1. HP: 10/10 MP: 4/4
   182 | D:1      | Reached XP level 2. HP: 15/16 MP: 0/6
   185 | D:1      | Learned a level 2 spell: Scorch
   441 | D:1      | Found a faded altar of an unknown god.
   723 | D:1      | Reached XP level 3. HP: 20/20 MP: 5/7
   727 | D:1      | Learned a level 3 spell: Conjure Flame
  1081 | D:1      | Reached skill level 1 in Fighting
  1617 | D:2      | Noticed Terence
  1710 | D:2      | Reached skill level 1 in Armour
  2105 | D:2      | HP: 1/20 [poisoned by an adder]
  2105 | D:2      | Slain by an adder

Illustrated notes

Levels and vault maps discovered:
D:1:      dpeg_arrival_shelter, layout_loops_corners,
          dreamdust_ecumenical_altar_drowned_temple
D:2:      layout_loops_ring, uniq_crazy_yiuf_cottage, uniq_terence

Skill      XL: |  1  2  3 |
---------------+----------+-----
Conjurations   | 2 |  2.2
Fighting       | 1 |  1.1
Armour         | 1 |  1.0
Dodging        | |  2.6
Stealth        | |  2.0
Spellcasting   | |  2.4
Fire Magic     | |  3.6

Action                   || total
-------------------------++-------
Melee: Unarmed           ||     3
       Peck              ||     5
       Spear             ||    27
       Kick              ||     8
 Cast: Foxfire           ||    44
       Scorch            ||    10
 Stab: Sleeping          ||     2
Armor: Robe              ||     6
Dodge: Dodged            ||    13

Table legend: (Time is in decaauts)
 A = Elapsed time spent in this place.
 B = Non-inter-level travel time spent in this place.
 C = Inter-level travel time spent in this place.
 D = Time resting spent in this place.
 E = Time spent auto-exploring this place.
 F = Levels seen in this place.
 G = Mean time per level.
                   A        B        C        D        E       F      G
               +--------+--------+--------+--------+--------+-----+--------+
         Total |   2111 |   2039 |     72 |      0 |   1775 |   2 | 1055.5 |
       Dungeon |   2111 |   2039 |     72 |      0 |   1775 |   2 | 1055.5 |
               +--------+--------+--------+--------+--------+-----+--------+

Top non-repeatable levels by time:
     D:1: 1495 daAuts
     D:2: 615 daAuts
